 Seeded DCSS version 0.27.1-35-g4d5d836560 (webtiles) character file.

Game seed: 2 (custom seed)

97 xaos the Firebug (level 5, -6/36 HPs)
             Began as a Human Fire Elementalist on Mar 30, 2022.
             Was an Initiate of Vehumet.
             Mangled by Sigmund (11 damage)
             ... on level 3 of the Dungeon.
             The game lasted 00:25:50 (3611 turns).

xaos the Firebug (Human Fire Elementalist)          Turns: 3611, Time: 00:25:51

Health: -6/36      AC:  6    Str:  8    XL:     5   Next: 0%
Magic:  4/8        EV: 12    Int: 16    God:    Vehumet [......]
Gold:   88         SH:  0    Dex: 14    Spells: 7/8 levels left

rFire    . . .     SeeInvis .   k - +1 hunting sling (flame)
rCold    . . .     Faith    .   (no shield)
rNeg     . . .     Spirit   .   a - +1 robe
rPois    .         Reflect  .   e - +2 helmet
rElec    .         Harm     .   (no cloak)
rCorr    .         Rampage  .   (no gloves)
Will     .....                  (no boots)
Stlth    ++........             (no amulet)
HPRegen  0.12/turn              (no ring)
MPRegen  0.11/turn              (no ring)

@: about to teleport
A: no striking features
a: Renounce Religion


You were on level 3 of the Dungeon.
You worshipped Vehumet.
Vehumet was noncommittal.
You visited 1 branch of the dungeon, and saw 3 of its levels.

You collected 88 gold pieces.

Inventory:

Hand Weapons
 j - a +0 dagger
 k - a +1 hunting sling of flaming (weapon)
 m - a +0 lajatang
 p - a +0 short sword
Missiles
 b - 20 sling bullets
 f - 78 stones (quivered ammo)
 o - 24 arrows
 q - 44 bolts
Armour
 a - a +1 robe (worn)
 e - a +2 helmet (worn)
 g - a +1 hat
Scrolls
 r - a scroll of teleportation
 u - 2 scrolls of identify
Potions
 c - 2 potions of degeneration
 d - a potion of might {unknown}
 h - a potion of curing {unknown}
 i - a potion of lignification {unknown}
 l - a potion of flight {unknown}
 n - a potion of cancellation {unknown}
 s - a potion of mutation {unknown}
 t - a potion of magic {unknown}


   Skills:
 + Level 0.4 Fighting
 + Level 0.1 Short Blades
 + Level 2.3 Slings
 + Level 2.2 Dodging
 + Level 2.4 Stealth
 + Level 2.2 Spellcasting
 + Level 1.4 Conjurations
 + Level 3.6 Fire Magic


You had 7 spell levels left.
You knew the following spells:

 Your Spells              Type           Power      Damage    Failure   Level
a - Foxfire               Conj/Fire      36%        2x1d5     7%          1

Your spell library contained the following spells:

 Spells                   Type           Power      Damage    Failure   Level
 Conjure Flame            Conj/Fire      9%         6-21      22%         3
 Inner Flame              Hex/Fire       7%         N/A       28%         3
 Corpse Rot               Necr/Air       N/A        N/A       30%         2
 Poisonous Vapours        Pois/Air       2%         N/A       30%         2
 Sticky Flame             Conj/Fire      9%         2d3       56%         4
 Fireball                 Conj/Fire      4%         3d4       89%         5
 Freezing Cloud           Conj/Ice/Air   1%         6-21      99%         5


Dungeon Overview and Level Annotations

Branches:
Dungeon (3/15)

Altars:
Ru
Vehumet

Annotations:
D:3 Sigmund


Message History

Confirm with . or Enter, or press ? or * to list all spells.
You conjure some foxfire!
Sigmund casts a spell at you. The puff of flame hits you.
Your foxfire dissipates!
Casting: Foxfire (safe; 7% risk of failure)
Confirm with . or Enter, or press ? or * to list all spells.
You conjure some foxfire!
Your foxfire dissipates!
The foxfire hits Sigmund.
Sigmund is moderately wounded.
Sigmund gestures wildly while chanting.
Sigmund flickers and vanishes!
A puff of flame appears from out of thin air!
The puff of flame misses you. Something hits you!
Casting: Foxfire (safe; 7% risk of failure)
Confirm with . or Enter, or press ? or * to list all spells.
You conjure some foxfire!
The foxfire hits something.
Something hits you. Something barely misses you.
Casting: Foxfire (safe; 7% risk of failure)
Confirm with . or Enter, or press ? or * to list all spells.
You conjure some foxfire!
The foxfire hits something but does no damage.
The foxfire hits something.
A puff of flame appears from out of thin air!
The puff of flame hits you!
* * * LOW HITPOINT WARNING * * *
Casting: Foxfire (safe; 7% risk of failure)
Confirm with . or Enter, or press ? or * to list all spells.
You conjure some foxfire!
The foxfire hits something. x2
Something hits you.
* * * LOW HITPOINT WARNING * * *
As you read the scroll of teleportation, it crumbles to dust.
You feel strangely unstable. Something hits you.
* * * LOW HITPOINT WARNING * * *
Something hits you!
You die...

...# #.........# ...#
#.........#
...#####.........#
.................#
.......#.........#
...###.#.........# ...#
#...........# ...#
##..........####### ...#
#.........@......# ...#
##...............# ####
###.......{.....######
####.......#.......#
####....###...#.......#
#######....######...........#
...................#.#......#
#####.###########..._.......#
.####.# ##..##.#......#


There were no monsters in sight!

Vanquished Creatures
  Jessica (D:3)
  2 adders (D:3)
  2 worms (D:2)
  2 dart slugs (D:2)
  7 endoplasms
  3 giant cockroaches
  2 goblins
  5 hobgoblins
  5 kobolds
  2 quokkas (D:1)
  4 ball pythons
  2 bats (D:2)
  4 rats
41 creatures vanquished.

Vanquished Creatures (others)
  66 foxfires
  A fungus (D:1)
67 creatures vanquished.

Grand Total: 108 creatures vanquished

Notes
Turn   | Place    | Note
-------+----------+-------------------------------------------
     0 | D:1      | xaos the Human Fire Elementalist began the quest for the
                  | Orb.
     0 | D:1      | Reached XP level 1. HP: 13/13 MP: 3/3
   600 | D:1      | Reached XP level 2. HP: 19/19 MP: 5/5
   638 | D:1      | Found a faded altar of an unknown god.
  1586 | D:2      | Reached XP level 3. HP: 24/24 MP: 1/6
  1836 | D:2      | Reached skill level 1 in Slings
  3021 | D:3      | Reached XP level 4. HP: 30/30 MP: 7/7
  3119 | D:3      | Found a radiant altar of Vehumet.
  3142 | D:3      | Became a worshipper of Vehumet
  3213 | D:3      | Noticed Jessica
  3222 | D:3      | Killed Jessica
  3242 | D:3      | Noticed Sigmund
  3281 | D:3      | Found a sacrificial altar of Ru.
  3512 | D:3      | Reached XP level 5. HP: 36/36 MP: 8/8
  3611 | D:3      | Mangled by Sigmund

Illustrated notes

Levels and vault maps discovered:
D:1:      lemuel_arrival_muddy, layout_basic, hellmonk_ecumenical_altar_lost_god
D:2:      layout_loops_cross
D:3:      layout_rooms, mainiacjoe_overflow_small_starburst,
          lemuel_crystal_altar, minmay_cut_off, uniq_jessica, uniq_sigmund

Skill      XL: |  1  2  3  4 |
---------------+-------------+-----
Slings         | 1 2 |  2.3
Fighting       | |  0.4
Short Blades   | |  0.1
Dodging        | |  2.2
Stealth        | |  2.4
Spellcasting   | |  2.2
Conjurations   | |  1.4
Fire Magic     | |  3.6

Action                   |  1- 3 |  4- 6 || total
-------------------------+-------+-------++-------
Melee: Unarmed           |    21 |       ||    21
       Short sword       |     6 |       ||     6
       Hunting sling     |       |     1 ||     1
 Fire: Hunting sling     |    68 |    20 ||    88
 Cast: Foxfire           |    34 |     7 ||    41
  Use: Scroll            |     5 |     3 ||     8
       Potion            |     1 |       ||     1
 Stab: Sleeping          |     1 |       ||     1
Armor: Robe              |    32 |     7 ||    39
       Chain mail        |    11 |       ||    11
       Skin              |     4 |       ||     4
Dodge: Dodged            |    86 |    11 ||    97
